Map: Vaani Research Station (Void)

Players

ByuL

  • Race: Zerg Zerg
  • Spawn Location: 12:00

Classic - Winner!

  • Race: Protoss Protoss
  • Spawn Location: 6:00

Event: IEM Season 11 - Gyeonggi

VOD

Have the link to the VOD?

Description

Time

  • Played on: Dec. 14, 2016, 5:03 a.m.
  • Length: 16:10

All games in this series

Show
View Real Time Build Order
Export as new Build Order

ByuL Zerg 

Build Orders: Pool First 

Get SALT Encoding   

  12  0:00  Drone  
  13  0:08  Drone  
  14  0:17  Overlord  
  14  0:22  Extractor  
  14  0:24  Drone  
  15  0:36  Drone x2  
  17  0:46  Spawning Pool  
  17  0:48  Drone  
  17  1:09  Hatchery  
  16  1:12  Drone  
  16  1:15  Drone  
  18  1:19  Drone  
  19  1:27  Extractor  
  18  1:34  Queen, Zergling x2  
  18  1:37  Drone  
  22  1:50  Overlord  
  22  2:03  Hatchery  
  22  2:07  Drone  
  22  2:16  Queen  
  22  2:21  Drone  
  25  2:23  Drone  
  25  2:27  Drone  
  27  2:32  Drone  
  27  2:34  Drone  
  29  2:39  Metabolic Boost  
  29  2:47  Drone x2  
  29  2:49  Drone  
  32  2:51  Drone  
  32  2:55  Drone  
  34  3:01  Queen  
  36  3:05  Overlord  
  35  3:17  Drone  
  35  3:18  Drone x4  
  40  3:25  Queen  
  40  3:26  Drone x2  
  44  3:27  Drone  
  44  3:30  Drone  
  44  3:33  Drone  
  47  3:36  Overlord  
  47  3:38  Drone  
  47  3:40  Drone  
  49  3:51  Overlord  
  49  3:54  Spore Crawler  
  49  3:55  Drone  
  49  3:56  Drone  
  49  3:57  Drone x6  
  49  3:58  Drone  
  49  4:02  Overlord  
  57  4:07  Spore Crawler  
  57  4:08  Lair  
  56  4:10  Drone x2  
  56  4:11  Zergling x2  
  56  4:13  Zergling x2  
  56  4:14  Drone  
  56  4:16  Extractor  
  60  4:17  Extractor  
  60  4:18  Spore Crawler  
  60  4:21  Zergling x4  
  60  4:22  Drone  
  60  4:24  Drone  
  62  4:28  Drone x2, Roach Warren  
  63  4:32  Extractor  
  63  4:34  Drone  
  63  4:35  Drone  
  63  4:36  Drone x2  
  66  4:42  Overlord x2  
  66  4:47  Overlord  
  66  4:48  Evolution Chamber  
  66  4:50  Overlord x2  
  65  5:01  Drone  
  65  5:02  Drone  
  65  5:03  Drone  
  65  5:04  Drone x3  
  65  5:06  Extractor  
  67  5:07  Drone x3  
  67  5:14  Drone x3, Glial Reconstitution  
  69  5:15  Zerg Missile Weapons Level 1  
  69  5:16  Drone  
  69  5:17  Drone x2  
  69  5:18  Drone  
  69  5:21  Overseer  
  75  5:22  Overlord  
  75  5:23  Extractor  
  74  5:28  Drone x2  
  74  5:30  Hydralisk Den  
  74  5:31  Drone  
  74  5:37  Drone x2  
  74  5:39  Overlord  
  76  5:46  Roach  
  76  5:47  Roach x5  
  87  5:51  Roach x2  
  87  5:54  Roach  
  91  5:58  Roach x3  
  91  6:00  Roach  
  91  6:03  Roach  
  91  6:04  Roach x2  
  103  6:13  Drone, Hatchery  
  103  6:14  Drone  
  103  6:21  Drone x3  
  103  6:22  Queen  
  103  6:23  Drone  
  107  6:27  Spore Crawler  
  106  6:33  Overlord x2  
  106  6:37  Spore Crawler  
  106  6:39  Overlord  
  96  6:53  Baneling Nest  
  95  6:57  Drone  
  95  6:58  Drone  
  95  6:59  Drone  
  95  7:01  Drone  
  97  7:04  Spore Crawler  
  96  7:14  Drone x3, Zerg Missile Weapons Level 2  
  97  7:15  Overlord  
  97  7:17  Overlord  
  95  7:25  Spore Crawler  
  95  7:28  Hydralisk x2  
  90  7:30  Hydralisk x3  
  90  7:31  Hydralisk x4  
  90  7:35  Drone  
  90  7:36  Hydralisk x3, Spore Crawler  
  100  7:44  Drone  
  100  7:47  Hydralisk x2  
  105  7:53  Drone x2  
  105  7:56  Drone x3  
  110  8:00  Overlord x2  
  110  8:02  Centrifical Hooks, Overlord  
  110  8:04  Overlord  
  110  8:06  Overlord  
  106  8:17  Overlord x2, Muscular Augments  
  106  8:19  Hydralisk x3  
  108  8:23  Drone  
  108  8:24  Drone x2  
  108  8:26  Drone  
  116  8:29  Hydralisk  
  116  8:31  Hydralisk x2  
  116  8:33  Hydralisk  
  114  8:38  Hydralisk x2  
  114  8:43  Drone  
  114  8:44  Drone  
  114  8:46  Drone  
  114  8:48  Drone x6  
  111  9:00  Hydralisk x2  
  111  9:01  Hydralisk  
  117  9:05  Hydralisk x3  
  123  9:10  Queen  
  123  9:13  Spore Crawler  
  124  9:17  Zergling x2  
  124  9:18  Zergling x12  
  131  9:25  Queen  
  131  9:29  Hydralisk x2  
  131  9:30  Hydralisk  
  131  9:32  Hydralisk x2  
  133  9:41  Zerg Melee Weapons Level 1  
  133  9:46  Queen  
  133  9:48  Zergling x2  
  133  9:49  Zergling x18  
  145  9:54  Zergling x2  
  145  9:55  Zergling x2  
  145  9:59  Hatchery, Queen  
  146  10:03  Zergling x6  
  146  10:06  Zergling x6  
  150  10:15  Spire, Infestation Pit  
  150  10:17  Drone  
  150  10:18  Drone  
  150  10:19  Drone x4  
  152  10:21  Overlord, Extractor x2  
  152  10:22  Overlord x2  
  152  10:27  Overlord  
  152  10:28  Overlord  
  149  10:40  Drone  
  147  10:52  Hive  
  147  10:54  Drone x3  
  147  10:55  Evolution Chamber  
  147  10:56  Drone x6  
  154  11:02  Overlord  
  154  11:03  Overlord  
  154  11:04  Drone  
  155  11:06  Overlord  
  155  11:08  Drone  
  152  11:20  Zerg Ground Armor Level 1  
  152  11:24  Baneling  
  152  11:25  Baneling x4  
  152  11:31  Queen  
  154  11:33  Drone x2  
  154  11:34  Drone  
  154  11:35  Extractor x2  
  154  11:36  Corruptor  
  154  11:37  Corruptor x7  
  168  11:48  Hatchery  
  168  11:50  Drone x4  
  168  11:51  Drone x2, Corruptor x3  
  165  12:08  Corruptor x3  
  165  12:09  Corruptor x2  
  165  12:15  Viper  
  175  12:16  Overseer  
  175  12:17  Viper x3  
  175  12:19  Zergling x2  
  175  12:20  Zergling x10  
  187  12:27  Drone x3  
  189  12:31  Zerg Flyer Weapons Level 1  
  189  12:38  Drone x3  
  192  12:45  Overseer x2  
  191  12:54  Viper x3  
  194  13:00  Zerg Melee Weapons Level 2  
  194  13:04  Ultralisk Cavern  
  193  13:05  Hatchery  
  193  13:10  Drone x3  
  193  13:11  Drone x3  
  193  13:12  Drone x2  
  200  13:21  Pneumatized Carapace  
  200  13:33  Extractor  
  199  13:34  Spore Crawler  
  199  13:36  Spore Crawler, Overseer x2, Extractor  
  196  13:47  Overlord  
  196  13:50  Chitinous Plating  
  196  13:54  Spire  
  194  14:16  Ultralisk x3  
  196  14:20  Ultralisk  
  190  14:35  Ultralisk x2  
  190  14:36  Zergling x2  
  190  14:37  Zergling x8  
  199  14:44  Overseer  
  199  14:45  Overseer x4  
  197  14:55  Zergling x4  
  194  15:02  Baneling  
  194  15:03  Baneling x9  
  194  15:08  Viper x2  
  162  15:21  Corruptor  
  162  15:22  Corruptor x15  
  143  15:37  Overlord  
Show
View Real Time Build Order
Export as new Build Order

Classic Protoss - Winner!

Build Orders: Nexus First, Phoenix Opening 

Get SALT Encoding   

  12  0:00  Probe (Chrono Boost)  
  13  0:11  Probe (Chrono Boost)  
  14  0:19  Pylon  
  14  0:22  Probe (Chrono Boost)  
  15  0:37  Probe (Chrono Boost)  
  16  0:47  Probe (Chrono Boost)  
  17  0:59  Nexus  
  17  1:02  Probe (Chrono Boost)  
  18  1:12  Gateway  
  18  1:16  Probe (Chrono Boost)  
  19  1:25  Assimilator  
  19  1:26  Probe (Chrono Boost)  
  19  1:30  Assimilator  
  20  1:37  Probe (Chrono Boost)  
  21  1:41  Pylon  
  21  1:47  Probe (Chrono Boost)  
  22  1:58  Probe (Chrono Boost)  
  22  2:00  Cybernetics Core  
  23  2:04  Zealot (Chrono Boost)  
  25  2:09  Probe  
  26  2:17  Probe  
  26  2:21  Probe (Chrono Boost)  
  28  2:31  Probe (Chrono Boost)  
  28  2:33  Probe (Chrono Boost)  
  32  2:40  Warp Gate  
  32  2:41  Probe (Chrono Boost)  
  32  2:44  Mothership Core (Chrono Boost)  
  33  2:46  Stargate  
  33  2:52  Probe (Chrono Boost)  
  33  2:53  Adept  
  36  3:02  Probe (Chrono Boost)  
  36  3:03  Probe (Chrono Boost)  
  39  3:13  Probe x2 (Chrono Boost)  
  39  3:18  Pylon  
  40  3:20  Adept  
  40  3:23  Probe x2 (Chrono Boost)  
  44  3:30  Phoenix (Chrono Boost)  
  44  3:31  Pylon  
  44  3:33  Assimilator  
  46  3:35  Assimilator, Probe  
  46  3:36  Probe  
  46  3:40  Pylon  
  48  3:46  Probe  
  49  3:50  Probe  
  49  3:52  Phoenix (Chrono Boost)  
  52  3:56  Probe  
  52  4:00  Stargate  
  52  4:02  Probe  
  54  4:07  Probe  
  55  4:14  Probe, Phoenix (Chrono Boost)  
  58  4:19  Pylon  
  58  4:21  Probe  
  59  4:26  Probe  
  60  4:34  Protoss Air Weapons Level 1  
  60  4:36  Phoenix (Chrono Boost)  
  62  4:40  Nexus  
  62  4:45  Phoenix (Chrono Boost)  
  64  4:51  Probe x2  
  66  4:52  Pylon  
  66  4:58  Phoenix (Chrono Boost)  
  66  4:59  Zealot  
  70  5:08  Probe x2  
  70  5:12  Phoenix (Chrono Boost)  
  74  5:15  Pylon  
  74  5:19  Phoenix (Chrono Boost)  
  76  5:23  Gateway  
  76  5:24  Forge  
  76  5:26  Probe  
  76  5:27  Probe  
  78  5:35  Phoenix (Chrono Boost)  
  80  5:38  Probe  
  80  5:41  Phoenix (Chrono Boost)  
  83  5:43  Probe  
  84  5:50  Probe  
  84  5:55  Probe  
  84  5:56  Phoenix (Chrono Boost)  
  88  5:57  Probe  
  88  6:01  Assimilator  
  88  6:03  Probe, Phoenix (Chrono Boost)  
  92  6:05  Assimilator  
  92  6:08  Probe  
  92  6:10  Probe  
  94  6:15  Probe  
  95  6:20  Fleet Beacon  
  95  6:23  Phoenix (Chrono Boost)  
  95  6:24  Phoenix (Chrono Boost)  
  97  6:31  Probe  
  96  6:32  Probe  
  96  6:33  Probe  
  98  6:43  Zealot  
  98  6:44  Phoenix (Chrono Boost)  
  98  6:46  Phoenix (Chrono Boost)  
  102  6:50  Gateway, Pylon  
  102  6:53  Gateway  
  102  6:55  Gateway  
  102  7:00  Stargate  
  102  7:04  Photon Cannon  
  102  7:05  Pylon  
  102  7:06  Pylon  
  101  7:10  Zealot x2  
  101  7:13  Probe  
  101  7:15  Probe  
  99  7:26  Photon Cannon  
  96  7:30  Zealot x2  
  96  7:31  Probe  
  96  7:33  Probe x2  
  101  7:45  Pylon  
  101  7:46  Pylon  
  101  7:49  Probe  
  101  7:50  Probe x2  
  104  7:56  Carrier x2 (Chrono Boost), Pylon  
  116  8:08  Carrier (Chrono Boost)  
  116  8:11  Pylon  
  122  8:13  Pylon  
  122  8:16  Photon Cannon  
  122  8:17  Photon Cannon  
  122  8:20  Photon Cannon  
  122  8:26  Pylon  
  122  8:28  Protoss Air Weapons Level 2  
  120  8:36  Zealot x3  
  116  8:58  Twilight Council  
  116  9:00  Protoss Ground Weapons Level 1  
  116  9:02  Sentry  
  118  9:12  Carrier x2 (Chrono Boost)  
  118  9:15  Gateway  
  118  9:17  Gateway  
  130  9:18  Photon Cannon  
  130  9:20  Pylon  
  136  9:31  Carrier (Chrono Boost)  
  136  9:35  Zealot x2  
  136  9:36  Zealot x3  
  146  9:40  Templar Archives  
  146  9:45  Photon Cannon  
  146  9:49  Pylon  
  146  9:50  Graviton Catapult  
  146  9:56  Pylon  
  146  10:06  Zealot x2  
  150  10:18  Pylon  
  156  10:33  Pylon  
  156  10:34  Void Ray x2 (Chrono Boost)  
  164  10:40  High Templar x2  
  168  10:45  Void Ray (Chrono Boost)  
  168  10:48  Archon  
  172  10:52  Zealot x3  
  187  11:19  Carrier x2 (Chrono Boost)  
  193  11:27  Carrier (Chrono Boost)  
  193  11:34  Cybernetics Core  
  192  11:46  Protoss Air Armor Level 1 (Chrono Boost)  
  192  11:47  Nexus  
  192  11:49  Charge  
  192  11:52  Zealot, Pylon  
  192  11:54  Zealot x2  
  196  11:55  Sentry  
  196  12:01  Zealot  
  191  12:10  Nexus  
  191  12:14  Zealot x4  
  195  12:33  Void Ray (Chrono Boost)  
  197  12:58  High Templar x6  
  191  13:01  Assimilator  
  191  13:02  Archon x2  
  191  13:03  Archon  
  183  13:06  Assimilator  
  183  13:07  Void Ray (Chrono Boost)  
  183  13:09  Photon Cannon  
  183  13:11  Photon Cannon  
  187  13:13  Photon Cannon  
  187  13:14  Void Ray (Chrono Boost)  
  191  13:34  Void Ray (Chrono Boost)  
  195  13:43  Photon Cannon  
  195  13:44  Photon Cannon  
  195  13:46  High Templar x2  
  199  13:50  Archon  
  199  14:01  Photon Cannon  
  195  14:02  Photon Cannon  
  195  14:11  Nexus  
  195  14:12  Pylon  
  188  14:19  Zealot x6  
  200  14:27  Cybernetics Core  
  194  14:39  High Templar x3  
  194  14:43  Archon, High Templar  
  200  14:48  Archon  
  199  15:03  Zealot x2  
  192  15:15  Archon  
  180  15:27  Zealot x6, Void Ray x2 (Chrono Boost)  
  166  15:44  Probe  
  166  15:45  Probe  
  166  15:46  Probe x2  

Tags
 
Add a new tag
Caveats
  • Supply blocks, unpowered buildings, or Contaminate may cause inaccurate times.
  • Supply counts are checked every 10 seconds.